[Event "Titled Tuesday Blitz May 9 Late 2023"]
[White "Howell, David W L"]
[Black "Tifferet, Shaked"]
[WhiteFideId "410608"]
[BlackFideId "2811529"]
[WhiteElo "2567"]
[BlackElo "2142"]
[Result "0-1"]
[Round "05"]
[TimeControl "180+2"]
[Date "2023.05.09"]
[WhiteClock "0:00:02"]
[BlackClock "0:00:04"]

1. e4 e5 2. Nf3 Nc6 3. Bc4 Bc5 4. d3 Nf6 5. Nc3 d6 6. Na4 Bb6 7. c3 O-O 8. Bb3 Be6 9. Bc2 d5 10. Qe2 h6 11. O-O Re8 12. Re1 Qd6 13. Bd2 Rad8 14. h3 d4 15. Nxb6 axb6 16. a4 Nd7 17. Red1 Nc5 18. b4 Nb3 19. Bxb3 Bxb3 20. Rdb1 Bc2 21. Rb2 dxc3 22. Bxc3 Bxd3 23. Qe3 Bc4 24. Rd2 Qe6 25. Rxd8 Rxd8 26. b5 Nd4 27. Nxd4 exd4 28. Bxd4 Qd6 29. Bb2 Qd3 30. Qf4 Qc2 31. Qxc7 Rd2 32. Be5 Rxf2 33. Qc8+ Kh7 34. Qg4 f6 35. Bd4 Be6 36. Qg3 Rd2 37. Bxb6 Qxe4 38. Bf2 Bd5 39. a5 h5 40. a6 bxa6 41. bxa6 Rd3 42. Qh4 Qxg2# 0-1


[Site "https://www.chess.com"]

[Event "Titled Tuesday Blitz May 9 Late 2023"]
[White "Pichot, Alan"]
[Black "Moral Garcia, Serafin"]
[WhiteFideId "110973"]
[BlackFideId "2201925"]
[WhiteElo "2573"]
[BlackElo "2274"]
[Result "1-0"]
[Round "05"]
[TimeControl "180+2"]
[Date "2023.05.09"]
[WhiteClock "0:00:39"]
[BlackClock "0:00:16"]

1. e4 e5 2. Nf3 Nf6 3. Nxe5 d6 4. Nf3 Nxe4 5. Nc3 Nxc3 6. dxc3 Be7 7. Bf4 Nc6 8. Qd2 Be6 9. a3 Qd7 10. O-O-O a6 11. h4 O-O-O 12. Ng5 Bxg5 13. Bxg5 f6 14. Bf4 Rde8 15. Be2 Ne5 16. b3 Qc6 17. f3 Bf5 18. Kb2 Re7 19. g4 Bg6 20. h5 Bf7 21. Rhf1 h6 22. Bg3 Rhe8 23. f4 Nd7 24. Bf3 Qb5 25. c4 Qb6 26. Bf2 Nc5 27. Ka2 a5 28. a4 Qb4 29. Qxb4 axb4 30. Be1 Na6 31. Bd2 Be6 32. Rde1 Bd7 33. Rxe7 Rxe7 34. Kb2 Bc6 35. g5 hxg5 36. fxg5 fxg5 37. Bxg5 Re8 38. Bxc6 bxc6 39. Rf7 Rg8 40. Be3 Nc5 41. Bd2 Ne6 42. Bxb4 Rh8 43. Re7 Nd4 44. Ba5 Rxh5 45. Rxc7+ Kb8 46. Bb6 Ne6 47. Rxc6 Kb7 48. Rxd6 Nf4 49. a5 g5 50. Rd7+ Kc6 51. Rc7+ Kd6 52. c5+ Kd5 53. a6 Rh2 54. a7 g4 55. a8=Q+ 1-0


[Site "https://www.chess.com"]

[Event "Titled Tuesday Blitz May 9 Late 2023"]
[White "Gurevich, Dmitry"]
[Black "Tanenbaum, Zachary"]
[WhiteFideId "2000407"]
[BlackFideId "2060850"]
[WhiteElo "2506"]
[BlackElo "2175"]
[Result "0-1"]
[Round "05"]
[TimeControl "180+2"]
[Date "2023.05.09"]
[WhiteClock "0:00:29"]
[BlackClock "0:00:24"]

1. d4 d5 2. c4 dxc4 3. Nf3 Nf6 4. Nc3 a6 5. a4 e6 6. e4 Bb4 7. Qc2 Nc6 8. Be3 Na5 9. Be2 b5 10. O-O Nb3 11. Rad1 Bb7 12. d5 exd5 13. Nxd5 Nxd5 14. exd5 Be7 15. Ne5 O-O 16. Bf3 Bd6 17. Nc6 Qf6 18. h3 Rfe8 19. Rfe1 Bxc6 20. dxc6 Nd4 21. Bxd4 Qxd4 22. g3 Qf6 23. Kg2 g6 24. h4 h5 25. Rxe8+ Rxe8 26. axb5 axb5 27. Rd5 Re5 28. Qd2 Rxd5 29. Bxd5 Bc5 30. Bf3 Bd4 31. Qe2 Bxb2 32. Qe8+ Kg7 33. Qb8 c3 34. Be4 c2 0-1


[Site "https://www.chess.com"]

[Event "Titled Tuesday Blitz May 9 Late 2023"]
[White "Bryakin, Mikhail"]
[Black "koncheto"]
[WhiteFideId "4165314"]
[WhiteElo "2467"]
[BlackElo "2483"]
[Result "1-0"]
[Round "05"]
[TimeControl "180+2"]
[Date "2023.05.09"]
[WhiteClock "0:01:02"]
[BlackClock "0:00:05"]

1. Nf3 Nf6 2. e3 e6 3. d4 d5 4. Bd3 Bd6 5. b3 O-O 6. Bb2 c5 7. Nbd2 b6 8. O-O Bb7 9. Ne5 Ne4 10. dxc5 Nxc5 11. Be2 Nc6 12. Nxc6 Bxc6 13. Nf3 Rc8 14. Qd4 f6 15. Qg4 Qe7 16. c4 e5 17. Rfd1 Bd7 18. Qh4 dxc4 19. Bxc4+ Be6 20. Rac1 Rfd8 21. h3 Qf7 22. Bxe6 Qxe6 23. Qc4 Kf7 24. Qh4 Kg8 25. Qc4 Kf7 26. Qe2 Kg8 27. Nh4 Bf8 28. Qg4 Qxg4 29. hxg4 Kf7 30. Nf3 e4 31. Rxd8 Rxd8 32. Nd4 Bd6 33. Nb5 Nd3 34. Rc6 Bb8 35. Bd4 Ne5 36. Bxe5 Bxe5 37. g3 Rd7 38. a4 g6 39. Na3 Rc7 40. Rxc7+ Bxc7 41. Nb5 Bb8 42. Nc3 f5 43. Kf1 Be5 44. Nb5 a6 45. Na3 Ke6 46. gxf5+ gxf5 47. Ke2 Kd5 48. Nc4 Bc7 49. Na3 h5 50. Nc2 Ke5 51. Kd2 Bd6 52. Kc3 a5 53. Kc4 Be7 54. Nd4 Bc5 55. Ne2 Kf6 56. Nf4 Kg5 57. Ne6+ Kg4 58. Nxc5 bxc5 59. Kxc5 Kf3 60. b4 axb4 61. Kxb4 Kxf2 62. a5 Kxg3 63. a6 h4 64. a7 h3 65. a8=Q h2 66. Qg8+ Kf2 67. Qh7 Kg1 68. Qg6+ Kh1 69. Kc4 f4 70. exf4 e3 71. Qe4+ Kg1 72. Qxe3+ Kg2 73. Qe2+ Kg1 74. Qxh2+ Kf1 75. f5 Ke1 76. f6 Kd1 77. f7 1-0


[Site "https://www.chess.com"]

[Event "Titled Tuesday Blitz May 9 Late 2023"]
[White "Gorshtein, Ido"]
[Black "Remolar Gallen, Jose"]
[WhiteFideId "2815532"]
[BlackFideId "2215187"]
[WhiteElo "2415"]
[BlackElo "2223"]
[Result "1-0"]
[Round "05"]
[TimeControl "180+2"]
[Date "2023.05.09"]
[WhiteClock "0:01:13"]
[BlackClock "0:00:06"]

1. e4 c5 2. d4 cxd4 3. c3 Nf6 4. e5 Nd5 5. cxd4 e6 6. Nf3 Nc6 7. Nc3 Nxc3 8. bxc3 d6 9. Bd3 Be7 10. Qe2 dxe5 11. dxe5 Qa5 12. O-O Bd7 13. Rb1 Qc7 14. Bf4 a6 15. Nd2 O-O 16. Nc4 Na5 17. Nb6 Rad8 18. c4 Bc6 19. Bd2 Rxd3 20. Qxd3 Qxe5 21. Bc3 Qg5 22. Qg3 Be4 23. Qxg5 Bxg5 24. Bxa5 Bxb1 25. Rxb1 Rd8 26. g3 Rd3 27. h4 Bd8 28. c5 Ra3 29. Nc4 Ra4 30. Bxd8 Rxc4 31. Be7 1-0


[Site "https://www.chess.com"]

[Event "Titled Tuesday Blitz May 9 Late 2023"]
[White "Yeritsyan, Hayk"]
[Black "Rorrer, Grayson"]
[WhiteFideId "13307320"]
[BlackFideId "30944996"]
[WhiteElo "2485"]
[BlackElo "2200"]
[Result "0-1"]
[Round "05"]
[TimeControl "180+2"]
[Date "2023.05.09"]
[WhiteClock "0:00:07"]
[BlackClock "0:00:16"]

1. d4 Nf6 2. Nf3 g6 3. Bf4 Bg7 4. h3 d6 5. e3 c5 6. c3 cxd4 7. exd4 O-O 8. Be2 Nbd7 9. O-O Qc7 10. Bh2 b6 11. Nbd2 Bb7 12. Re1 Rfe8 13. Bf1 e5 14. Nc4 Nd5 15. Rc1 a6 16. a3 b5 17. Ne3 N7b6 18. Nxd5 Bxd5 19. Be2 Rad8 20. Bg3 Qb7 21. Ra1 e4 22. Nd2 e3 23. fxe3 Bxg2 24. Bf3 Bxf3 25. Qxf3 Qd7 26. Kg2 d5 27. e4 dxe4 28. Rxe4 Rxe4 29. Nxe4 Qd5 30. Rf1 f5 31. Nd2 Qd7 32. Re1 Nd5 33. Qe2 Kf7 34. Nf3 Re8 35. Qxe8+ Qxe8 36. Rxe8 Kxe8 37. Kf2 Nb6 38. Nd2 Na4 39. c4 Bxd4+ 40. Ke2 Bxb2 41. cxb5 axb5 42. Bd6 Kd7 43. Bb4 Nc3+ 44. Kd3 Nd5 45. Bc5 Nf4+ 46. Ke3 Nxh3 47. Nf3 Bf6 48. Ke2 Nf4+ 49. Ke3 Ne6 50. Bb4 Kc6 51. Nd2 Nd4 52. Nf1 Nc2+ 53. Kd3 Nxb4+ 54. axb4 h5 55. Ne3 h4 56. Ng2 h3 57. Ne1 h2 0-1


[Site "https://www.chess.com"]

[Event "Titled Tuesday Blitz May 9 Late 2023"]
[White "OPQRC"]
[Black "Bolourchifard, Farzad"]
[BlackFideId "12510084"]
[WhiteElo "2475"]
[BlackElo "2317"]
[Result "1-0"]
[Round "05"]
[TimeControl "180+2"]
[Date "2023.05.09"]
[WhiteClock "0:00:12"]
[BlackClock "0:00:20"]

1. e4 e5 2. Nf3 Nc6 3. Bc4 Bc5 4. c3 Nf6 5. d4 exd4 6. b4 Bb6 7. e5 d5 8. exf6 dxc4 9. Qe2+ Be6 10. b5 d3 11. Qe4 Nb4 12. O-O Qxf6 13. Bg5 Qg6 14. Qxg6 hxg6 15. cxb4 f6 16. Be3 O-O-O 17. Nc3 Bxe3 18. fxe3 d2 19. Nd4 Rhe8 20. Kf2 f5 21. Rad1 f4 22. Rxd2 Bf5 23. Re1 Bd3 24. Nf3 Rf8 25. e4 c6 26. bxc6 b6 27. Ne5 Kc7 28. Nxd3 cxd3 29. Nd5+ Kxc6 30. Rxd3 Kb5 31. Rc1 Rc8 32. Rxc8 Rxc8 33. a3 g5 34. Kf3 Ka4 35. e5 Rc2 36. e6 Rc6 37. e7 Re6 38. Rd4 Kxa3 39. Re4 g4+ 40. Kxf4 g5+ 41. Kf5 Rxe7 42. Rxe7 a5 43. g3 a4 44. b5 Kb3 45. Nxb6 a3 46. Ra7 Kb4 47. Rxa3 Kxb5 48. Rd3 Kc5 49. Re3 Kd4 50. Re1 Kd3 51. Rg1 Ke3 52. Kxg4 Kf2 53. Ra1 Kg2 54. h4 gxh4 55. gxh4 Kf2 56. h5 Ke3 57. h6 Ke4 58. h7 Ke5 59. Re1+ Kd6 60. h8=Q Kc6 61. Qf6+ Kb5 62. Rb1+ Ka6 63. Nc4+ Ka7 64. Qb6+ Ka8 65. Ra1# 1-0


[Site "https://www.chess.com"]

[Event "Titled Tuesday Blitz May 9 Late 2023"]
[White "Hirneise, Jens"]
[Black "Simonian, Hrair"]
[WhiteFideId "24614734"]
[BlackFideId "13302337"]
[WhiteElo "2345"]
[BlackElo "2447"]
[Result "0-1"]
[Round "05"]
[TimeControl "180+2"]
[Date "2023.05.09"]
[WhiteClock "0:00:00"]
[BlackClock "0:01:19"]

1. g4 e5 2. a4 d5 3. e3 Nc6 4. d4 e4 5. b3 h5 6. gxh5 Qg5 7. Nh3 Qh4 8. Nf4 Be6 9. Be2 Nf6 10. Nxe6 fxe6 11. Ba3 O-O-O 12. Nc3 Bxa3 13. Rxa3 Rdf8 14. Qc1 Nxh5 15. Nd1 e5 16. Qd2 exd4 17. exd4 Nf4 18. Bf1 Ne6 19. c3 Ng5 20. Bg2 Rf6 21. Ra2 Rhf8 22. b4 Ne7 23. Qe3 Nf5 24. Qd2 Qg4 25. Rg1 e3 26. Nxe3 Nxe3 27. Qxe3 Re6 28. Qxe6+ Qxe6+ 29. Kf1 Ne4 30. Bxe4 dxe4 31. Re2 e3 32. Rg2 Qc4 0-1


[Site "https://www.chess.com"]

[Event "Titled Tuesday Blitz May 9 Late 2023"]
[White "Liu, Casper"]
[Black "TimGrutter03"]
[WhiteFideId "1454153"]
[WhiteElo "2221"]
[BlackElo "2610"]
[Result "0-1"]
[Round "05"]
[TimeControl "180+2"]
[Date "2023.05.09"]
[WhiteClock "0:00:13"]
[BlackClock "0:00:06"]

1. b3 d5 2. Bb2 Nc6 3. Nf3 Bg4 4. g3 Bxf3 5. exf3 Nf6 6. Bg2 e6 7. O-O Be7 8. f4 O-O 9. d3 Nd7 10. Nd2 a5 11. Nf3 Bf6 12. Bxf6 Qxf6 13. Re1 a4 14. d4 axb3 15. axb3 Qe7 16. Ne5 Ndxe5 17. fxe5 Qb4 18. c4 dxc4 19. bxc4 Qxc4 20. Rc1 Qxd4 21. Qxd4 Nxd4 22. Rxc7 Ra2 23. Bxb7 Ra7 24. Rd1 Nf3+ 25. Kg2 Nxe5 26. f4 Ng4 27. Rdd7 Nf6 28. Re7 Ra2+ 29. Kh3 h5 30. Bf3 Rf2 31. Bd1 g6 32. Kh4 Rxh2+ 33. Kg5 Nd5 34. Bb3 Nxc7 35. Rxc7 Rg2 36. Kh6 Re2 37. Bc4 Rc2 38. f5 gxf5 39. Kxh5 Kg7 40. Kg5 Rd8 41. g4 Rd4 42. Bxe6 Rxc7 43. Bxf5 Rc5 44. Kh5 Rdd5 45. Kh4 f6 46. Kg3 Rxf5 47. Kh4 Rg5 48. Kh3 Rc4 49. Kg3 Rcxg4+ 50. Kh3 Ra4 51. Kh2 Rb5 52. Kh3 Rb3+ 53. Kh2 Ra2+ 54. Kh1 Rb1# 0-1


[Site "https://www.chess.com"]

[Event "Titled Tuesday Blitz May 9 Late 2023"]
[White "KorolDimitriy75"]
[Black "Kleiman, Jake"]
[BlackFideId "2020041"]
[WhiteElo "2457"]
[BlackElo "2601"]
[Result "1-0"]
[Round "05"]
[TimeControl "180+2"]
[Date "2023.05.09"]
[WhiteClock "0:00:07"]
[BlackClock "0:00:13"]

1. d4 Nf6 2. c4 e6 3. Nc3 Bb4 4. Qc2 O-O 5. e4 d5 6. cxd5 exd5 7. e5 Ne4 8. Bd3 c5 9. Ne2 cxd4 10. Nxd4 Nd7 11. f4 Ndc5 12. O-O Bxc3 13. bxc3 Nxd3 14. Qxd3 Qc7 15. Nb5 Qc6 16. Ba3 Rd8 17. Rac1 Bd7 18. Nd6 Qb6+ 19. Qd4 Nxc3 20. Qxb6 Ne2+ 21. Kf2 axb6 22. Kxe2 Rxa3 23. Rc7 Rxa2+ 24. Kf3 h5 25. h4 Bg4+ 26. Kg3 d4 27. Nxf7 Rf8 28. Ng5 d3 29. f5 d2 30. f6 gxf6 31. exf6 Rxf6 32. Rxf6 d1=Q 33. Rg6+ Kf8 34. Rf7+ Ke8 35. Rg8# 1-0


[Site "https://www.chess.com"]

[Event "Titled Tuesday Blitz May 9 Late 2023"]
[White "DubiousM0ves532"]
[Black "Filgueira, Hernan"]
[BlackFideId "101770"]
[WhiteElo "2460"]
[BlackElo "2363"]
[Result "0-1"]
[Round "05"]
[TimeControl "180+2"]
[Date "2023.05.09"]
[WhiteClock "0:00:00"]
[BlackClock "0:00:15"]

1. Nf3 d5 2. g3 c6 3. Bg2 Bg4 4. O-O Nf6 5. d4 Nbd7 6. b3 e6 7. Bb2 Be7 8. Nbd2 O-O 9. c4 a5 10. Qe1 h6 11. e4 dxe4 12. Nxe4 Nxe4 13. Qxe4 Bf5 14. Qe2 Bf6 15. Rad1 Re8 16. Ne5 Qc7 17. Rfe1 a4 18. b4 Nxe5 19. dxe5 Be7 20. c5 a3 21. Bc3 Red8 22. Rd6 Bxd6 23. exd6 Qd7 24. Qc4 Re8 25. f4 f6 26. Ba1 h5 27. Bf3 Qf7 28. b5 Rac8 29. bxc6 bxc6 30. Qa4 Qb7 31. Qxa3 Bg6 32. Bc3 Bf7 33. Qa4 Red8 34. Qc2 Qb5 35. Bd4 Qb4 36. Rd1 Rd7 37. Bf2 h4 38. Rb1 Qa5 39. Rb6 hxg3 40. hxg3 Qa3 41. Bxc6 Rdd8 42. Be4 f5 43. Bg2 Qa5 44. Qb3 Qd2 45. Qb2 Qd1+ 46. Bf1 Ra8 47. a3 Bh5 48. c6 Rxa3 49. c7 Rda8 50. Rb8+ Kh7 51. c8=Q Rxb8 52. Qcxb8 Ra1 53. Qxa1 Qxa1 54. Qc7 Be2 55. Qc4 Bxc4 0-1


[Site "https://www.chess.com"]

[Event "Titled Tuesday Blitz May 9 Late 2023"]
[White "Foerster-Yialamas, Lucas"]
[Black "MKlose11"]
[WhiteFideId "30901774"]
[WhiteElo "2067"]
[BlackElo "2598"]
[Result "0-1"]
[Round "05"]
[TimeControl "180+2"]
[Date "2023.05.09"]
[WhiteClock "0:00:03"]
[BlackClock "0:00:09"]

1. c4 Nf6 2. Nc3 c5 3. e4 Nc6 4. Nge2 d6 5. d4 cxd4 6. Nxd4 g6 7. Be2 Bg7 8. Be3 O-O 9. O-O Bd7 10. Qd2 Re8 11. Nd5 Nxe4 12. Qd3 Nf6 13. a3 Rc8 14. b4 Nxd5 15. cxd5 Nxd4 16. Bxd4 Bxd4 17. Qxd4 Qb6 18. Qxb6 axb6 19. Rac1 Kf8 20. Bd3 Ba4 21. f4 Bb3 22. Be4 Red8 23. g4 f6 24. h4 Kf7 25. f5 Bc4 26. Rfe1 Bb5 27. fxg6+ hxg6 28. h5 gxh5 29. gxh5 Rxc1 30. Rxc1 Be8 31. h6 f5 32. Bxf5 Kf6 33. Be6 Bg6 34. Kf2 Ra8 35. Rc3 Rh8 36. Rh3 Kg5 37. h7 Rxh7 38. Rxh7 Bxh7 39. Bc8 Kf4 40. Bxb7 Ke5 41. Ke3 Be4 42. a4 Bxd5 43. Bc8 Bc6 44. a5 bxa5 45. bxa5 Kd5 46. a6 Kc5 47. Kf4 Kb6 48. Kf5 Bd5 49. Kf4 Bc4 50. Kf5 Bb3 51. Kg6 Bd5 52. Kf5 Bc4 53. Kg6 Bxa6 54. Be6 Kc5 55. Kf7 Bc4 56. Kxe7 Bxe6 57. Kxe6 d5 58. Ke5 d4 59. Ke4 Kc4 60. Kf3 Kc3 61. Ke2 Kc2 62. Ke1 d3 0-1


[Site "https://www.chess.com"]

[Event "Titled Tuesday Blitz May 9 Late 2023"]
[White "marik_spb"]
[Black "Sun, Rick"]
[BlackFideId "30909481"]
[WhiteElo "2450"]
[BlackElo "2169"]
[Result "1-0"]
[Round "05"]
[TimeControl "180+2"]
[Date "2023.05.09"]
[WhiteClock "0:00:03"]
[BlackClock "0:00:05"]

1. d4 d6 2. e4 Nd7 3. Nc3 Ngf6 4. Be3 e5 5. d5 Be7 6. g4 h6 7. f3 c6 8. Nge2 Nb6 9. Ng3 cxd5 10. exd5 a6 11. a4 Qc7 12. Qd3 Bd7 13. a5 Nc8 14. Nf5 Bf8 15. g5 hxg5 16. Bxg5 Rh5 17. h4 Ne7 18. Ng3 Rh8 19. Bxf6 gxf6 20. Nce4 Bg7 21. Qc4 Qb8 22. Qb4 Nc8 23. Bd3 f5 24. Ng5 f4 25. Nf5 Bf6 26. O-O-O Bxf5 27. Bxf5 Ne7 28. Be4 Qc7 29. Kb1 Rc8 30. c3 Qc5 31. Qxb7 Rc7 32. Qb8+ Kd7 33. Qb3 Rhc8 34. Nxf7 Qxa5 35. h5 Rc5 36. Bd3 R8c7 37. Nh6 Nc8 38. Ng4 Bh8 39. Bf5+ Kd8 40. h6 Nb6 41. h7 Rb5 42. Qa2 Na4 43. Ka1 Rxb2 44. Qa3 Rxc3 45. Qxd6+ Ke8 46. Bg6# 1-0


[Site "https://www.chess.com"]

[Event "Titled Tuesday Blitz May 9 Late 2023"]
[White "Ismagilov, Damir"]
[Black "Vovk, Orest"]
[WhiteFideId "34199982"]
[BlackFideId "14113490"]
[WhiteElo "2143"]
[BlackElo "2215"]
[Result "1-0"]
[Round "05"]
[TimeControl "180+2"]
[Date "2023.05.09"]
[WhiteClock "0:00:31"]
[BlackClock "0:00:09"]

1. f4 Nf6 2. Nf3 g5 3. fxg5 Ne4 4. d3 Nd6 5. e4 h6 6. Nc3 hxg5 7. Bxg5 Bh6 8. Qd2 Bg7 9. O-O-O Nc6 10. h4 b5 11. h5 b4 12. Nd5 Rg8 13. e5 Nb5 14. h6 Bh8 15. h7 Rg6 16. d4 Rb8 17. Bd3 Re6 18. Bf5 d6 19. Bxe6 Bxe6 20. Nf4 Bxa2 21. exd6 Qxd6 22. Ne5 Nxe5 23. dxe5 Qc6 24. Rh6 Be6 25. Nxe6 fxe6 26. Qxb4 a5 27. Qxe7# 1-0


[Site "https://www.chess.com"]

[Event "Titled Tuesday Blitz May 9 Late 2023"]
[White "Nikologorskiy, Konstantin"]
[Black "Koutsin"]
[WhiteFideId "24111708"]
[WhiteElo "2273"]
[BlackElo "2443"]
[Result "1-0"]
[Round "05"]
[TimeControl "180+2"]
[Date "2023.05.09"]
[WhiteClock "0:01:32"]
[BlackClock "0:00:00"]

1. d4 e6 2. c4 Nf6 3. Nf3 b6 4. g3 Ba6 5. b3 Bb4+ 6. Bd2 Be7 7. Bg2 c6 8. O-O d5 9. Bc3 O-O 10. Nbd2 Nbd7 11. Re1 c5 12. e4 dxe4 13. Nxe4 Nxe4 14. Rxe4 Bb7 15. Re2 cxd4 16. Bxd4 Qc7 17. Rd2 Rad8 18. Qc2 Nc5 19. Rad1 Rfe8 20. Qc3 Bf8 21. Qc2 Ne4 22. Re2 Nc5 23. h4 h6 24. Kh2 Bc6 25. b4 Ba4 26. Qc1 Bxd1 27. Qxd1 Na6 28. b5 Nc5 29. Qc2 f6 30. Be3 Qd7 31. Nd4 e5 32. Bc6 Qf7 33. Nf5 1-0


[Site "https://www.chess.com"]

[Event "Titled Tuesday Blitz May 9 Late 2023"]
[White "Fernandez Lopez, Ruben"]
[Black "cryptoguru02"]
[WhiteFideId "24518298"]
[WhiteElo "2240"]
[BlackElo "2582"]
[Result "0-1"]
[Round "05"]
[TimeControl "180+2"]
[Date "2023.05.09"]
[WhiteClock "0:00:38"]
[BlackClock "0:00:06"]

1. b3 e5 2. Bb2 Nc6 3. e3 g6 4. Bb5 Bg7 5. Nf3 Nge7 6. O-O O-O 7. d4 exd4 8. exd4 d5 9. Re1 Bg4 10. c3 a6 11. Bd3 Re8 12. h3 Bf5 13. Bf1 Nc8 14. Nbd2 Nd6 15. c4 Rxe1 16. Qxe1 dxc4 17. bxc4 Nb4 18. Rc1 Nxa2 19. c5 Nxc1 20. cxd6 Nd3 21. Bxd3 Bxd3 22. dxc7 Qxc7 23. g3 Bb5 24. Ne5 Re8 25. Qd1 Bd7 26. Ne4 Be6 27. Qf3 f5 28. Nc5 Bxe5 29. Nxe6 Rxe6 30. dxe5 Qc6 31. Qb3 b5 32. h4 h5 33. Qd3 Kh7 34. Qe3 Qe8 35. Qa7+ Qe7 36. Qa8 b4 37. Kh2 b3 38. Qb8 a5 39. Qxb3 Qe8 40. Qb7+ Kg8 41. Qa7 a4 42. Bd4 Re7 43. Qa6 Re6 44. Qa7 Qb5 45. Kg1 Qc4 46. Qa8+ Kf7 47. Qb7+ Re7 48. Qb6 a3 49. Qf6+ Ke8 50. Qxg6+ Kd7 51. Qxf5+ Kc7 52. Qf6 Qe6 53. Qf3 a2 54. Qc3+ Kd8 55. Qa3 Rd7 56. Qa8+ Ke7 57. Bc5+ Kf7 58. Qf3+ Kg6 59. Qe4+ Kg7 60. Bd4 Kf7 61. Kh2 Qd5 62. Qf5+ Ke8 63. Qxh5+ Kd8 64. Qg5+ Kc8 65. Bc3 Qf3 66. Qf4 Qxf4 67. gxf4 Rd3 68. Ba1 Rd1 69. Bc3 a1=Q 70. Bxa1 Rxa1 71. Kg3 Kd7 72. Kg4 Rf1 73. Kf5 Rxf2 74. h5 Rh2 75. Kg6 Ke6 76. h6 Rg2+ 77. Kh5 Kf5 78. Kh4 Rh2+ 79. Kg3 Rxh6 80. Kf3 Ra6 81. Ke3 Ra3+ 82. Kd4 Kxf4 0-1


[Site "https://www.chess.com"]

[Event "Titled Tuesday Blitz May 9 Late 2023"]
[White "Hnydiuk, Aleksander"]
[Black "Sliwicki, Damian"]
[WhiteFideId "1109057"]
[BlackFideId "1127128"]
[WhiteElo "2374"]
[BlackElo "2030"]
[Result "1-0"]
[Round "05"]
[TimeControl "180+2"]
[Date "2023.05.09"]
[WhiteClock "0:00:12"]
[BlackClock "0:00:12"]

1. e4 c5 2. Nf3 g6 3. d4 cxd4 4. Nxd4 Nc6 5. Nc3 Bg7 6. Be3 Nf6 7. Bc4 O-O 8. Bb3 Ng4 9. Qxg4 Nxd4 10. O-O-O d5 11. Qh4 Nxb3+ 12. axb3 d4 13. Nd5 e5 14. Qxd8 Rxd8 15. Bg5 Rd6 16. f4 f6 17. fxe5 fxe5 18. Be7 Ra6 19. Nc7 Ra1+ 20. Kd2 Bh6+ 21. Kd3 Rxd1+ 22. Rxd1 Bg4 23. Nxa8 Bxd1 24. Bc5 b6 25. Bd6 Bg7 26. Bb8 Bg4 27. Bxa7 b5 28. Nc7 Bd7 29. c4 bxc4+ 30. bxc4 Bf8 31. c5 Kf7 32. b4 Ke7 33. b5 Kd8 34. Bb6 Kc8 35. c6 Bg4 36. Nd5 Bd1 37. Ba5 Ba4 38. Kc4 d3 39. Nb6+ Kd8 40. Nxa4+ Kc8 41. Kxd3 Bd6 42. Kc4 g5 43. Kd5 Bc7 44. Bxc7 Kxc7 45. Kc5 g4 46. b6+ Kc8 47. g3 h5 48. Kd6 h4 49. gxh4 g3 50. hxg3 Kb8 51. h5 Kc8 52. h6 Kd8 53. h7 Ke8 54. h8=Q+ Kf7 55. Qh7+ Kf6 56. Qe7+ Kg6 57. Nc5 Kh6 58. c7 Kg6 59. c8=Q Kh5 60. Qh8+ Kg6 61. Qhh7# 1-0


[Site "https://www.chess.com"]

[Event "Titled Tuesday Blitz May 9 Late 2023"]
[White "Jimenez Almeida, Luis David"]
[Black "tufferguy"]
[WhiteFideId "22242244"]
[WhiteElo "2245"]
[BlackElo "2569"]
[Result "1-0"]
[Round "05"]
[TimeControl "180+2"]
[Date "2023.05.09"]
[WhiteClock "0:00:13"]
[BlackClock "0:00:03"]

1. e4 e6 2. d4 d5 3. e5 Bd7 4. Nf3 a6 5. c4 dxc4 6. Bxc4 Bc6 7. Nc3 Bb4 8. O-O Ne7 9. a3 Ba5 10. Be3 Bb6 11. Bd3 Nd7 12. Rc1 Nf8 13. Ne4 Nfg6 14. Qe2 O-O 15. Rfd1 Nd5 16. Bg5 Qd7 17. Nc5 Qe8 18. Bb1 h6 19. Bd2 Rd8 20. h4 Qe7 21. g3 Rde8 22. h5 Nh8 23. Qd3 f5 24. exf6 Nxf6 25. Ne5 Bb5 26. Qc2 Rd8 27. Bb4 a5 28. a4 Be8 29. Ba3 Bxh5 30. Ne4 Qf7 31. Nxf7 Rxf7 32. Nxf6+ gxf6 33. Re1 Bg6 34. Qe2 Re8 35. Bxg6 Nxg6 36. Bc5 Bxc5 37. Rxc5 Kh7 38. Qd3 f5 39. Rec1 c6 40. Rxa5 Rg8 41. Qd2 f4 42. Kh2 fxg3+ 43. fxg3 Rgf8 44. Rc2 Kg7 45. Rac5 Rf1 46. a5 R8f7 47. a6 bxa6 48. Rxc6 Ne7 49. Rc7 Nd5 50. Rxf7+ Rxf7 51. Qe2 Rf6 52. Qe5 Kg6 53. Re2 h5 54. Qe4+ Kg5 55. Kg2 a5 56. Rf2 Rf5 57. Rxf5+ exf5 58. Qxd5 Kg4 59. Qf3+ Kg5 60. Qf4+ Kf6 61. d5 a4 62. Qxa4 h4 63. Qc2 h3+ 64. Kh1 Ke5 65. b4 f4 66. gxf4+ Kd6 67. f5 Ke5 68. f6 h2 69. f7 Kd4 70. d6 Ke5 71. b5 Kd4 72. b6 Ke5 73. d7 Ke6 74. b7 Ke7 75. f8=Q+ Kxf8 76. d8=Q+ Kg7 77. Qd7+ Kh6 78. Qdh7+ Kg5 79. Qhf5+ Kh4 80. Qxh2# 1-0


[Site "https://www.chess.com"]

[Event "Titled Tuesday Blitz May 9 Late 2023"]
[White "sebastianmarinp"]
[Black "Bruedigam, Martin"]
[BlackFideId "24608033"]
[WhiteElo "2438"]
[BlackElo "2331"]
[Result "0-1"]
[Round "05"]
[TimeControl "180+2"]
[Date "2023.05.09"]
[WhiteClock "0:00:00"]
[BlackClock "0:00:04"]

1. e4 c6 2. d4 d5 3. e5 Bf5 4. Nf3 e6 5. Be2 Nd7 6. O-O a5 7. a4 Ne7 8. Nbd2 h6 9. Nb3 Bh7 10. c3 Nc8 11. Be3 Qb6 12. Nfd2 Be7 13. Kh1 Qc7 14. f4 Ncb6 15. g4 h5 16. f5 hxg4 17. fxe6 fxe6 18. Bxg4 Nf8 19. Bh5+ g6 20. Bg4 O-O-O 21. Nxa5 g5 22. Nab3 Rd7 23. a5 Nc4 24. Nxc4 dxc4 25. Nd2 c5 26. Nxc4 Be4+ 27. Bf3 Bxf3+ 28. Qxf3 Kb8 29. Nb6 Rd8 30. Qg3 cxd4 31. cxd4 Bb4 32. Rac1 Qh7 33. Nc4 Ng6 34. a6 Nh4 35. axb7 Qe4+ 36. Kg1 Nf5 37. Qg2 Qxg2+ 38. Kxg2 Kxb7 39. Bf2 Nxd4 40. Nd6+ Bxd6 41. exd6 Ne2 42. Rc7+ Kb8 43. Rd1 Nf4+ 44. Kg3 Nd5 45. Rc6 Kb7 46. Rc5 Rxd6 47. Bd4 Rf8 48. Be5 Rc6 49. Rb5+ Kc8 50. Rb3 Kd7 51. Rbd3 Rb6 52. Bd4 Rb4 53. Re1 Rb5 54. Be5 Rf5 55. Kg2 Ke7 56. Kg3 Kf7 57. Bd4 Nf4 58. Rde3 Rbd5 59. Re4 Nd3 60. R1e3 Nf4 61. Rf3 Nh5+ 62. Kg4 Rf4+ 63. Rfxf4+ Nxf4 0-1


[Site "https://www.chess.com"]

[Event "Titled Tuesday Blitz May 9 Late 2023"]
[White "Schnaider, Ilan"]
[Black "Przybylski, Wojciech"]
[WhiteFideId "169013"]
[BlackFideId "1117599"]
[WhiteElo "2224"]
[BlackElo "2222"]
[Result "0-1"]
[Round "05"]
[TimeControl "180+2"]
[Date "2023.05.09"]
[WhiteClock "0:00:00"]
[BlackClock "0:00:05"]

1. e4 e5 2. Nf3 Nf6 3. d4 Nxe4 4. Bd3 d5 5. Nxe5 Nd7 6. Nc3 Nxc3 7. bxc3 Nxe5 8. dxe5 Bc5 9. O-O O-O 10. Kh1 c6 11. f4 f5 12. c4 Be6 13. cxd5 Qxd5 14. Bb2 Rad8 15. Rf3 Be7 16. Rg3 Rf7 17. Qh5 c5 18. Be2 Qd2 19. Rf1 Qxc2 20. Bc1 Bc4 21. Bxc4 Qxc4 22. Qf3 Bf8 23. h4 Rfd7 24. Re1 Rd3 25. Be3 Qc3 26. Qf2 Rd1 27. Rxd1 Rxd1+ 28. Kh2 Qa1 29. Rh3 Rh1+ 30. Kg3 Rf1 31. Qe2 Qd1 32. Qc4+ Kh8 33. Qc3 Qg4+ 34. Kh2 Qd1 35. e6 Qd6 36. e7 Qxe7 37. Bxc5 Qxc5 38. Qd3 Re1 39. Qf3 Qe7 40. h5 h6 41. Rg3 Qe2 42. Qd5 Qf2 0-1


[Site "https://www.chess.com"]

[Event "Titled Tuesday Blitz May 9 Late 2023"]
[White "Rios Escobar, Adan"]
[Black "Adewumi, Tanitoluwa"]
[WhiteFideId "3403645"]
[BlackFideId "30966396"]
[WhiteElo "2437"]
[BlackElo "2563"]
[Result "1-0"]
[Round "05"]
[TimeControl "180+2"]
[Date "2023.05.09"]
[WhiteClock "0:01:15"]
[BlackClock "0:00:01"]

1. d4 Nf6 2. g3 e6 3. c4 d5 4. Nf3 Bb4+ 5. Nbd2 O-O 6. Bg2 dxc4 7. a3 Ba5 8. O-O b5 9. Ne5 Nd5 10. e4 Nf6 11. Nb1 Bb7 12. Bg5 h6 13. Bxf6 Qxf6 14. Nc3 a6 15. a4 Bxc3 16. bxc3 Rd8 17. Nxc4 Qe7 18. Na5 Bc8 19. axb5 axb5 20. Nc6 Nxc6 21. Rxa8 b4 22. d5 exd5 23. exd5 Ne5 24. cxb4 Bb7 25. Rxd8+ Qxd8 26. Re1 Qd6 27. Qd4 Ba6 28. Qxe5 1-0


[Site "https://www.chess.com"]